 Dungeon Sprint DCSS version 0.27-a0-1434-g6f15984924 (webtiles) character file.

Game seed: 17464696760541299411

569 mhtbhm the Geomancer (level 7, 0/36 HPs)
             Began as a Deep Elf Earth Elementalist on July 3, 2021.
             Was a Follower of Vehumet.
             Splashed by an acid dragon's acid (14 damage)
             ... in the Dungeon (Sprint IX: "|||||||||||||||||||||||||||||").
             The game lasted 00:01:06 (290 turns).

mhtbhm the Geomancer (Deep Elf Earth Elementalist)   Turns: 290, Time: 00:01:06

Health: 0/36       AC:  0    Str:  5    XL:     7   Next: 11%
Magic:  8/24       EV: 17    Int: 25    God:    Vehumet [*.....]
Gold:   0          SH:  0    Dex: 15    Spells: 23/29 levels left

rFire    . . .     SeeInvis .   a - +2 rapier (venom)
rCold    . . .     Faith    .   (no shield)
rNeg     . . .     Spirit   .   b - +0 robe
rPois    .         Reflect  .   (no helmet)
rElec    .         Harm     .   m - +0 cloak
rCorr    .         Rampage  .   (no gloves)
Will     .....     NoTele   +   l - +0 pair of boots
Stlth    +++.......             (no amulet)
HPRegen  0.12/turn              p - +3 ring of intelligence
MPRegen  0.19/turn              o - +2 ring of evasion

@: lethally poisoned (0 -> -1), corroded
A: no striking features
a: Renounce Religion


You were in the Dungeon.
You worshipped Vehumet.
Vehumet was aware of your devotion.
You visited 1 branch

Inventory:

Hand Weapons
 a - a +2 rapier of venom (weapon)
Missiles
 i - 6 stones
Armour
 b - a +0 robe (worn)
 l - a +0 pair of boots (worn)
 m - a +0 cloak (worn)
Jewellery
 o - a +2 ring of evasion (right hand)
 p - a +3 ring of intelligence (left hand)
Wands
 k - a wand of acid (10)
Scrolls
 h - 2 scrolls of blinking
 j - 2 scrolls of amnesia
Potions
 c - 4 potions of curing
 d - 3 potions of heal wounds
 e - a potion of haste
 f - 4 potions of magic
 g - a potion of berserk rage
 n - a potion of invisibility


   Skills:
 + Level 6.5 Dodging
 + Level 5.4 Stealth
 + Level 11.7 Spellcasting
 + Level 1.8 Transmutations
 + Level 11.9 Earth Magic


You had 23 spell levels left.
You knew the following spells:

 Your Spells              Type           Power      Damage    Failure   Level
a - Sandblast             Erth           100%       2d20      1%          1
b - Passwall              Tmut/Erth      40%        N/A       1%          2
c - Stone Arrow           Conj/Erth      88%        3d12      1%          3

Your spell library contained the following spells:

 Spells                   Type           Power      Damage    Failure   Level
 Magic Dart               Conj           56%        1d5       4%          1
 Petrify                  Tmut/Erth      49%        N/A       2%          4


Dungeon Overview and Level Annotations

Branches:
Dungeon (1/1)

Altars:
Cheibriados
Dithmenos
Elyvilon
Fedhas
Gozag
Hepliaklqana
Kikubaaqudgha
Makhleb
Nemelex Xobeh
Okawaru
Qazlal
Ru
Sif Muna
Trog
Uskayaw
Vehumet
Wu Jian
Xom
Yredelemnul
Zin
The Shining One
Beogh
Jiyva
Lugonu


Message History

Confirm with . or Enter, or press ? or * to list all spells.
Aiming: Sandblast (safe; 1% risk of failure)
Press: ? - help, Shift-Dir - straight line, f - kobold brigand
Aim: a kobold brigand, wielding a +0 club and quivering poisoned darts (80% to hit)
The blast of sand hits the kobold brigand.
The kobold brigand is lightly wounded.
You feel sick.
The kobold brigand throws a poisoned dart.
The poisoned dart barely misses you.
Casting: Sandblast (safe; 1% risk of failure)
Confirm with . or Enter, or press ? or * to list all spells.
Aiming: Sandblast (safe; 1% risk of failure)
Press: ? - help, Shift-Dir - straight line, f/p - kobold brigand
Aim: a kobold brigand, wielding a +0 club and quivering poisoned darts (lightly wounded, 80% to hit)
The blast of sand hits the kobold brigand!!
You kill the kobold brigand!
Vehumet accepts your kill.
You feel your power returning.
You feel sick.
You have reached level 7!
Casting: Sandblast (safe; 1% risk of failure)
Confirm with . or Enter, or press ? or * to list all spells.
Aiming: Sandblast (safe; 1% risk of failure)
Press: ? - help, Shift-Dir - straight line, f - acid dragon
Aim: an acid dragon (84% to hit)
The blast of sand hits the acid dragon!
The acid dragon is heavily wounded.
You feel sick.
Unknown command.
Unknown command.
Casting: Sandblast (safe; 1% risk of failure)
Confirm with . or Enter, or press ? or * to list all spells.
Aiming: Sandblast (safe; 1% risk of failure)
Press: ? - help, Shift-Dir - straight line, f/p - acid dragon
Aim: an acid dragon (heavily wounded, 84% to hit)
The blast of sand hits the acid dragon.
The acid dragon is severely wounded.
You feel sick. The acid dragon spits acid at you. The splash of acid hits you!
The acid corrodes you!
You are splashed with acid!
You die... ▓▓▓▓▓▓▓▓▓▓▓▓▓▓▓▓▓▓▓▓▓▓▓▓ ______'..)...[..@Dc....+ ▓▓▓▓▓▓▓▓▓▓▓▓▓▓▓▓▓▓▓▓▓▓▓▓

You could see an acid dragon (catching breath) and a centaur.

Vanquished Creatures
  A wraith (D)
  A yak (D)
  A water moccasin (D)
  A centaur (D)
  A kobold brigand (D)
  A jelly (D)
  An orc (D)
  A hobgoblin (D)
  A kobold (D)
  A quokka (D)
  A ball python skeleton (D)
  2 frilled lizards (D)
  A jackal zombie (D)
14 creatures vanquished.

Notes
Turn   | Place    | Note
-------+----------+-------------------------------------------
     0 | D        | mhtbhm the Deep Elf Earth Elementalist began the quest for
                  | the Orb.
     0 | D        | Reached XP level 1. HP: 10/10 MP: 6/6
    71 | D        | Noticed a water moccasin
    71 | D        | Noticed a jelly
    75 | D        | Killed a water moccasin
    76 | D        | Reached XP level 2. HP: 1/15 MP: 3/12
    76 | D        | Reached XP level 3. HP: 2/19 MP: 3/13
    76 | D        | Reached XP level 4. HP: 3/24 MP: 3/15
    78 | D        | Reached XP level 5. HP: 15/28 MP: 2/17
    91 | D        | Reached skill level 5 in Dodging
   199 | D        | Found a snail-covered altar of Cheibriados.
   199 | D        | Found a shadowy altar of Dithmenos.
   199 | D        | Found a white marble altar of Elyvilon.
   199 | D        | Found a blossoming altar of Fedhas.
   199 | D        | Found an opulent altar of Gozag.
   200 | D        | Found a hazy altar of Hepliaklqana.
   201 | D        | Found a viscous altar of Jiyva.
   202 | D        | Found an ancient bone altar of Kikubaaqudgha.
   203 | D        | Found a corrupted altar of Lugonu.
   204 | D        | Found a burning altar of Makhleb.
   205 | D        | Found a sparkling altar of Nemelex Xobeh.
   206 | D        | Found an iron altar of Okawaru.
   207 | D        | Found a stormy altar of Qazlal.
   208 | D        | Found a sacrificial altar of Ru.
   209 | D        | Found a shimmering blue altar of Sif Muna.
   210 | D        | Found a bloodstained altar of Trog.
   211 | D        | Found a hide-covered altar of Uskayaw.
   212 | D        | Found a radiant altar of Vehumet.
   213 | D        | Found an ornate altar of the Wu Jian Council.
   214 | D        | Found a shimmering altar of Xom.
   215 | D        | Found a basalt altar of Yredelemnul.
   216 | D        | Found a glowing silver altar of Zin.
   217 | D        | Found a glowing golden altar of the Shining One.
   224 | D        | Became a worshipper of Vehumet
   273 | D        | Learned a level 2 spell: Passwall
   277 | D        | Learned a level 3 spell: Stone Arrow
   277 | D        | Noticed a centaur
   277 | D        | Noticed a wraith
   277 | D        | Noticed a yak
   277 | D        | Noticed an acid dragon
   277 | D        | Noticed a centaur
   280 | D        | Killed a centaur
   284 | D        | Killed a wraith
   285 | D        | Reached skill level 5 in Stealth
   285 | D        | Reached skill level 10 in Spellcasting
   285 | D        | Reached XP level 6. HP: 32/32 MP: 11/21
   286 | D        | Killed a yak
   286 | D        | Reached * piety under Vehumet
   286 | D        | Offered knowledge of Magic Dart by Vehumet.
   289 | D        | Reached XP level 7. HP: 30/36 MP: 9/24
   290 | D        | Splashed by an acid dragon's acid

Illustrated notes

Levels and vault maps discovered:
D:        linesprint [early_d, line_temple, items_1, d_10, items_2, lair_1,
          lair_end, items_3, orc_1, orc_end, items_4, d_15, swamp_1, shoals_1,
          snake_1, spider_1, d_20, vaults_1, items_5, swamp_end, shoals_end,
          snake_end, spider_end, vaults_end, d_27, items_6, zot_1, zot_end,
          crypt_end, forest_end, elf_end, slime_end, tomb_end, abyss_end,
          pan_hell_end]

Skill      XL: |  1  2  3  4  5  6 |
---------------+-------------------+-----
Dodging        | 4 6 |  6.5
Spellcasting   | 7 10 11 | 11.7
Earth Magic    | 8 11 | 11.9
Stealth        | 4 5 |  5.4
Transmutations | |  1.8

Action                   |  1- 3 |  4- 6 |  7- 9 || total
-------------------------+-------+-------+-------++-------
 Cast: Sandblast         |     9 |    13 |     2 ||    24
  Use: Potion            |       |     1 |       ||     1
Dodge: Dodged            |     2 |     9 |       ||    11

Table legend: (Time is in decaauts)
 A = Elapsed time spent in this place.
 B = Non-inter-level travel time spent in this place.
 C = Inter-level travel time spent in this place.
 D = Time resting spent in this place.
 E = Time spent auto-exploring this place.
 F = Levels seen in this place.
 G = Mean time per level.
                   A        B        C        D        E       F      G
               +--------+--------+--------+--------+--------+-----+--------+
         Total |    288 |    288 |      0 |    155 |      3 |   1 |  288.0 |
       Dungeon |    288 |    288 |      0 |    155 |      3 |   1 |  288.0 |
               +--------+--------+--------+--------+--------+-----+--------+

Top non-repeatable levels by time:
       D: 288 daAuts
